 Dungeon Crawl Stone Soup version 0.28-a0-1415-g7c84da036a (webtiles) character file.

Game seed: 4885917094036821580

114 tilp the Chiller (level 4, 18/18 HPs)
             Began as a Felid Ice Elementalist on Jan 7, 2022.
             Quit the game on level 3 of the Dungeon.
             The game lasted 00:05:11 (3761 turns).

tilp the Chiller (Felid Ice Elementalist)           Turns: 3761, Time: 00:05:11

Health: 18/18      AC:  1    Str:  4    XL:     4   Next: 66%
Magic:  9/9        EV: 17    Int: 19    God:
Gold:   130        SH:  0    Dex: 16    Spells: 2/9 levels left
                                        Lives:  0   Deaths: 1

rFire   . . .      SeeInvis +   (weapon unavailable)
rCold   . . .      Faith    .   (shield unavailable)
rNeg    . . .      Spirit   .   (armour unavailable)
rPois   .          Reflect  .   (helmet unavailable)
rElec   .          Harm     .   (cloak unavailable)
rCorr   .          Rampage  .   (gloves unavailable)
Will    .....                   (boots unavailable)
Stlth   ++........              (no amulet)
HPRegen 0.06/turn               (no ring)
MPRegen 0.11/turn               (no ring)

@: quick
A: very small, claws 1, fangs 3, see invisible, speed 1, shaggy fur 1, stealthy
paws, no weapons or thrown items, no armour, multi-lived
a: no special abilities


You were on level 3 of the Dungeon.
You visited 1 branch of the dungeon, and saw 4 of its levels.

You collected 130 gold pieces.

Inventory:

Scrolls
 e - a scroll of teleportation {unknown}
Potions
 a - a potion of ambrosia {unknown}
 c - a potion of magic {unknown}
 d - 2 potions of curing {unknown}


   Skills:
 + Level 0.0 Fighting
 + Level 2.6 Dodging
 + Level 2.6 Stealth
 * Level 0.0 Unarmed Combat
 - Level 3.0 Spellcasting
 - Level 6.0 Ice Magic


You had 2 spell levels left.
You knew the following spells:

 Your Spells              Type           Power      Damage    Failure   Level
a - Freeze                Ice            100%       1d11      1%          1
b - Frozen Ramparts       Ice            50%        1d7       3%          3
c - Ozocubu's Armour      Ice            25%        N/A       3%          3

Your spell library contained the following spells:

 Spells                   Type           Power      Damage    Failure   Level
 Gell's Gravitas          Tloc           2%         N/A       41%         3
 Lesser Beckoning         Tloc           2%         N/A       41%         3
 Teleport Other           Tloc           2%         N/A       41%         3
 Hailstorm                Conj/Ice       14%        3d5       41%         4


Dungeon Overview and Level Annotations

Branches:
Dungeon (4/15)
 Temple: D:4-7

Altars:
Dithmenos

Shops:
D:2 (:*

Annotations:
D:4 Grinder


Innate Abilities, Weirdness & Mutations

You have sharp claws.
You have razor-sharp teeth.
You have supernaturally acute eyesight. (SInv)
You cover ground quickly. (Speed+)
You are covered in fur. (AC +1)
Your paws help you pounce on unaware monsters.
You are incapable of wielding weapons or throwing items.
You cannot wear armour.
You gain extra lives every three experience levels.


Message History

Unknown command.
Your frozen ramparts will break if you move.
Continue?
The frozen ramparts melt away as you move.
An orc comes into view. It is wielding a +0 whip.
There is an escape hatch in the ceiling here.
The orc shouts!
A mysterious force pulls you upwards. The hatch slams shut behind you.
You start resting.
Magic restored.
You see here 15 bolts.
There is an open door here.
There is a stone staircase leading down here.
You climb downwards.
Level annotation: Grinder The ufetubus barely misses you.
The ufetubus closely misses you.
The steam dragon hisses angrily.
Found a pair of boots, 29 stones and a scroll of noise.
There is a stone staircase leading up here.
There are monsters nearby!
Unknown command.
The iguana hisses angrily.
The ufetubus misses you. The ufetubus hits you. The steam dragon misses you.
The steam dragon barely misses you.
You climb upwards.
There is a stone staircase leading down here.
Unknown command.
Casting: Frozen Ramparts (quite dangerous; 3% risk of failure)
Confirm with . or Enter, or press ? or * to list all spells.
The spell is quite dangerous to miscast (3% risk of failure)!
Continue anyway?
Okay, then.
The steam dragon breathes steam at you.
The ball of steam hits the ufetubus!
The ufetubus dies!
The ball of steam hits you!!
Ouch! That really hurt!
You die...
You hear a shout!
You are now level 4!
You rejoin the land of the living...
Are you sure you want to abandon this character and quit the game? (Confirm with "yes".)

######### ##.......########
#.@.......§§....#
#.÷.......§§....#
#.#.......§§....#
###############.##.##.#.#######
......##........##.##.#§#
......########..##.##.#§#######
.......##≈≈≈≈##.##.##.#§#...[.#
#.....##≈≈..≈≈####.##.#.#.###.#
'.....#≈≈##.#≈≈#.......>#.#.#)#


There were no monsters in sight!

Vanquished Creatures
  A black bear (D:4)
  An iguana (D:3)
  3 adders
  A worm (D:2)
  2 dart slugs
  5 orcs
  6 ball pythons
  3 bats
  9 endoplasms
  A giant cockroach (D:1)
  3 goblins
  7 hobgoblins
  6 jackals
  2 quokkas
  4 frilled lizards
  7 kobolds
  5 rats
66 creatures vanquished.

Vanquished Creatures (others)
  An ufetubus (D:3)
1 creature vanquished.

Grand Total: 67 creatures vanquished

Notes
Turn   | Place    | Note
-------+----------+-------------------------------------------
     0 | D:1      | tilp the Felid Ice Elementalist began the quest for the
                  | Orb.
     0 | D:1      | Reached XP level 1. HP: 7/7 MP: 4/4
   251 | D:1      | Reached XP level 2. HP: 11/11 MP: 3/6
   325 | D:1      | Reached skill level 4 in Ice Magic
  1549 | D:1      | Reached XP level 3. HP: 12/14 MP: 4/7
  1769 | D:1      | Learned a level 3 spell: Frozen Ramparts
  1850 | D:2      | Found Ilacs's Book Shoppe.
  2227 | D:2      | Found Diuk's Antique Weapon Boutique.
  2386 | D:2      | Found Limoahi's Assorted Antiques.
  2392 | D:2      | Found a faded altar of an unknown god.
  2409 | D:2      | Found Inwinudi's Assorted Antiques.
  2629 | D:3      | Reached XP level 4. HP: 18/18 MP: 7/9
  2833 | D:3      | Reached skill level 5 in Ice Magic
  3438 | D:3      | Learned a level 3 spell: Ozocubu's Armour
  3445 | D:4      | Noticed a black bear
  3451 | D:4      | Killed a black bear
  3452 | D:4      | Reached XP level 5. HP: 21/21 MP: 1/10
  3579 | D:4      | Found a shadowy altar of Dithmenos.
  3618 | D:4      | Noticed Grinder
  3687 | D:4      | Noticed a phantom
  3699 | D:4      | Reached skill level 6 in Ice Magic
  3755 | D:4      | Noticed a steam dragon
  3760 | D:3      | Killed from afar by a steam dragon
  3761 | D:3      | Reached XP level 4. HP: -1/18 MP: 9/9
  3761 | D:3      | Quit the game

Illustrated notes

Levels and vault maps discovered:
D:1:      wander_arrival_chamber, layout_basic
D:2:      layout_rooms, hellmonk_ecumenical_altar_lost_god, serial_shops, shop,
          shop, shop, nicolae_shop_hallway_plus
D:3:      layout_basic, grunt_ministairs_14, kennysheep_generic_room_3
D:4:      layout_loops_ring, lemuel_doored_altar,
          mainiacjoe_overflow_surrounded_room, minmay_cut_off, uniq_grinder

Skill      XL: |  1  2  3  4  5 |
---------------+----------------+-----
Ice Magic      | 4 5 6 |  6.0
Spellcasting   | 3 |  3.0
Dodging        | |  2.6
Stealth        | |  2.6

Action                   |  1- 3 |  4- 6 || total
-------------------------+-------+-------++-------
Melee: Unarmed           |    23 |    14 ||    37
       Bite              |     2 |       ||     2
 Cast: Freeze            |    46 |    18 ||    64
       Frozen Ramparts   |     3 |     7 ||    10
       Ozocubu's Armour  |       |     1 ||     1
  Use: Scroll            |     2 |     3 ||     5
 Stab: Sleeping          |     7 |     7 ||    14
Armor: Skin              |     1 |     1 ||     2
Dodge: Dodged            |    42 |    14 ||    56

Table legend: (Time is in decaauts)
 A = Elapsed time spent in this place.
 B = Non-inter-level travel time spent in this place.
 C = Inter-level travel time spent in this place.
 D = Time resting spent in this place.
 E = Time spent auto-exploring this place.
 F = Levels seen in this place.
 G = Mean time per level.
                   A        B        C        D        E       F      G
               +--------+--------+--------+--------+--------+-----+--------+
         Total |   3382 |   3292 |     90 |    754 |   2069 |   4 |  845.5 |
       Dungeon |   3382 |   3292 |     90 |    754 |   2069 |   4 |  845.5 |
               +--------+--------+--------+--------+--------+-----+--------+

Top non-repeatable levels by time:
     D:1: 1838 daAuts
     D:3: 778 daAuts
     D:2: 529 daAuts
     D:4: 237 daAuts
